 Dungeon Sprint DCSS version 0.21.2 (webtiles) character file.

446 Fang the Fighter (level 7, -4/76 HPs)
             Began as a Gargoyle Berserker on Sept 20, 2018.
             Was a High Priest of Trog.
             Slain by a deep troll (7 damage)
             ... in the Dungeon (Sprint VII: "The Pits").
             The game lasted 00:02:00 (769 turns).

Fang the Fighter (Gargoyle Berserker)                Turns: 769, Time: 00:02:00

Health: -4/76      AC:  7    Str: 28    XL:     7   Next: 3%
Magic:  2/2        EV: 14    Int:  7    God:    Trog [*****.]
Gold:   0          SH:  0    Dex:  9    Spells: 6/6 levels left

rFire    . . .     SeeInvis .   n - +3 battleaxe (antimagic)
rCold    . . .     Gourm    .   (shield currently unavailable)
rNeg     + . .     Faith    .   b - +0 animal skin
rPois    ∞         Spirit   .   (no helmet)
rElec    +         Reflect  .   (no cloak)
rCorr    .         Harm     .   (no gloves)
MR       .....     NoTele   +   (no boots)
Stlth    ..........             (no amulet)
HPRegen  0.22/turn              (no ring)
MPRegen  0.08/turn              (no ring)

@: berserking, very quick
A: negative energy resistance 1, electricity resistance, unbreathing,
petrification resistance, rot immunity, AC +4
a: Berserk, Trog's Hand, Brothers in Arms, Burn Spellbooks, Renounce Religion


You were in the Dungeon.
You worshipped Trog.
Trog was extremely pleased with you.
You were hungry.

You visited 1 branch

Inventory:

Hand Weapons
 j - a +2 hand axe
 m - a +2 hand axe of freezing
 n - a +3 antimagic battleaxe (weapon)
Armour
 b - a +0 animal skin (worn)
Scrolls
 i - a scroll of blinking
 k - 3 scrolls of remove curse
 l - a scroll of summoning
Potions
 a - 2 potions of invisibility
 d - 6 potions of curing
 e - 6 potions of heal wounds
 f - a potion of haste
 g - 4 potions of magic
 h - 3 potions of berserk rage
Comestibles
 c - 9 rations
 o - 4 chunks of flesh


   Skills:
 + Level 9.5 Fighting
 + Level 9.2 Axes
 + Level 4.8 Armour
 + Level 4.9 Dodging
 + Level 2.5 Stealth


You had 6 spell levels left.
You didn't know any spells.

Dungeon Overview and Level Annotations

Branches:
Dungeon (1/1)

Altars:
Cheibriados
Dithmenos
Elyvilon
Fedhas
Gozag
Hepliaklqana
Makhleb
Nemelex Xobeh
Okawaru
Qazlal
Ru
Sif Muna
Trog
Vehumet
Wu Jian
Xom
Yredelemnul
Zin
The Shining One
Beogh
Jiyva
Lugonu


Innate Abilities, Weirdness & Mutations

You are resistant to torment.
Your stone body is resilient. (AC +4)
You are immune to poison.
You resist negative energy. (rN+)
You are resistant to electric shocks. (rElec)
You can survive without breathing.
You are immune to petrification.
You are immune to rotting.


Message History

You are too injured to fight recklessly!
You are too injured to fight recklessly!
You are too injured to fight recklessly!
You are too injured to fight recklessly!
A red film seems to cover your vision as you go berserk!
You feel yourself moving faster!
You feel mighty!
You are feeling hungry.
The deep troll closely misses you. The deep troll claws you.
The deep troll claws you but does no damage.
You slice the deep troll!!
The deep troll is severely wounded.
The deep troll bites you!
* * * LOW HITPOINT WARNING * * *
The deep troll claws you but does no damage.
The deep troll claws you.
* * * LOW HITPOINT WARNING * * *
You closely miss the deep troll.
The deep troll is severely wounded.
The deep troll bites you!
You die...

#)#........##.......#
#)###########.......#
#.......# #########
#...#...# #...#...#
#.##.##.#+#
#...#...#.+
#...#...#T#
#.......'@#
###########


You could see a deep troll.

Vanquished Creatures
  A warg (D)
  A necrophage (D)
  A sky beast (D)
  A crimson imp (D)
  An orc priest (D)
  2 orc wizards (D)
  An ufetubus (D)
  2 oozes (D)
  7 orcs (D)
  2 hobgoblins (D)
  A quokka (D)
  A frilled lizard (D)
  A rat (D)
22 creatures vanquished.

Notes
Turn   | Place    | Note
-------+----------+-------------------------------------------
     0 | D        | Fang the Gargoyle Berserker began the quest for the Orb.
     0 | D        | Reached XP level 1. HP: 14/14 MP: 1/1
    22 | D        | Found a bloodstained altar of Trog.
    22 | D        | Found a deep blue altar of Sif Muna.
    22 | D        | Found a viscous altar of Jiyva.
    22 | D        | Found a hazy altar of Hepliaklqana.
    22 | D        | Found an opulent altar of Gozag.
    23 | D        | Found a glowing golden altar of the Shining One.
    23 | D        | Found a glowing silver altar of Zin.
    23 | D        | Found a basalt altar of Yredelemnul.
    23 | D        | Found a shimmering altar of Xom.
    23 | D        | Found an ornate altar of the Wu Jian Council.
    23 | D        | Found a sacrificial altar of Ru.
    23 | D        | Found a stormy altar of Qazlal.
    23 | D        | Found an iron altar of Okawaru.
    23 | D        | Found a sparkling altar of Nemelex Xobeh.
    23 | D        | Found a burning altar of Makhleb.
    23 | D        | Found a blossoming altar of Fedhas.
    23 | D        | Found a white marble altar of Elyvilon.
    23 | D        | Found a shadowy altar of Dithmenos.
    23 | D        | Found a snail-covered altar of Cheibriados.
    25 | D        | Found a radiant altar of Vehumet.
    25 | D        | Found a corrupted altar of Lugonu.
    25 | D        | Found a roughly hewn altar of Beogh.
    69 | D        | Reached ** piety under Trog
    69 | D        | Reached XP level 2. HP: 14/20 MP: 2/2
   188 | D        | Noticed a sky beast
   192 | D        | Reached *** piety under Trog
   200 | D        | Killed a sky beast
   200 | D        | Reached skill level 1 in Stealth
   200 | D        | Reached XP level 3. HP: 4/28 MP: 3/3
   200 | D        | Reached XP level 4. HP: 4/32 MP: 4/4
   527 | D        | Noticed a warg
   545 | D        | Reached **** piety under Trog
   545 | D        | Reached XP level 5. HP: 38/38 MP: 5/5
   554 | D        | Killed a warg
   554 | D        | Reached XP level 6. HP: 22/45 MP: 6/6
   556 | D        | Reached ***** piety under Trog
   567 | D        | Received a gift from Trog
   759 | D        | Noticed a necrophage
   761 | D        | Killed a necrophage
   761 | D        | Reached XP level 7. HP: 51/51 MP: 2/7
   764 | D        | Noticed a deep troll
   768 | D        | HP: 3/76 [deep troll (4)]
   769 | D        | Slain by a deep troll

Skill      XL: |  1  2  3  4  5  6 |
---------------+-------------------+-----
Axes           | 3 6 8 9 |  9.2
Fighting       | 4 6 7 8 9 |  9.5
Dodging        | 3 4 |  4.9
Armour         | 3 4 |  4.8
Stealth        | 1 2 |  2.5

Action                   |  1- 3 |  4- 6 |  7- 9 || total
-------------------------+-------+-------+-------++-------
Melee: Hand axe          |    26 |    30 |       ||    56
       Battleaxe         |       |     2 |     4 ||     6
Invok: Berserk           |       |     1 |     1 ||     2
  Eat: Chunk             |       |     1 |       ||     1
Armor: Animal skin       |    14 |     4 |     2 ||    20
Dodge: Dodged            |    24 |    13 |     6 ||    43
